 Dungeon Crawl Stone Soup version 0.30-a0-122-g2a1322497e (webtiles) character file.

Game seed: 658232079582950878

182 avis the Insei (level 5, 0/51 HPs)
             Began as an Octopode Transmuter on Sept 16, 2022.
             Was an Initiate of Gozag.
             Slain by a gnoll
             ... wielding a +2 halberd of freezing
             ... led by a gnoll sergeant
              (8 damage)
             ... on level 4 of the Dungeon.
             The game lasted 00:13:25 (2849 turns).

avis the Insei (Octopode Transmuter)                Turns: 2849, Time: 00:13:25

Health: 0/51       AC: 26    Str: 10    XL:     5   Next: 61%
Magic:  4/8        EV:  2    Int: 17    God:    Gozag
Gold:   80         SH:  0    Dex: 12    Spells: 4/8 levels left

rFire   . . .      SeeInvis .      - Unarmed
rCold   . . .      Faith    .    (no shield)
rNeg    . . .      Spirit   .    (helmet currently unavailable)
rPois   +          Reflect  .    (no amulet)
rElec   .          Harm     .    e - +4 ring of protection
rCorr   .          Rampage  .    (no ring)
Will    .....      NoTele   +    (no ring)
Stlth   ++........               (no ring)
HPRegen 0.17/turn                (no ring)
MPRegen 0.11/turn                (no ring)
                                 (no ring)
                                 (no ring)

@: tree-form, gold aura
A: stationary, stasis, torment immunity, boosted hp, almost no armour,
(amphibious), 8 rings, (camouflage 1), (gelatinous body 1), (nimble swimmer 1),
(tentacles)
a: Renounce Religion, Potion Petition, Call Merchant, Bribe Branch


You were on level 4 of the Dungeon.
You worshipped Gozag.
Gozag was noncommittal.
You were a tree.
You visited 2 branches of the dungeon, and saw 5 of its levels.

You collected 122 gold pieces.
You paid 42 gold pieces to Gozag.

Inventory:

Hand Weapons
 o - a +0 sling
 t - a +4 dagger of protection
Missiles
 n - 2 poisoned darts
Jewellery
 e - a +4 ring of protection (left branch)
Wands
 s - a wand of flame (12)
Scrolls
 b - 2 scrolls of magic mapping {unknown}
 d - a scroll of amnesia {unknown}
 g - a scroll of enchant weapon {unknown}
 k - a scroll of immolation {unknown}
 l - a scroll of noise {unknown}
 m - 2 scrolls of identify {unknown}
 p - a scroll of torment {unknown}
 u - a scroll of vulnerability {unknown}
 v - a scroll of butterflies {unknown}
Potions
 c - a potion of invisibility {unknown}
 h - 2 potions of mutation {unknown}
 i - 2 potions of curing {unknown}
 j - a potion of brilliance {unknown}
 q - 2 potions of heal wounds {unknown}
 r - a potion of attraction {unknown}


   Skills:
 - Level 2.0 Fighting
 - Level 2.0 Dodging
 - Level 3.0 Stealth
 - Level 5.0 Unarmed Combat
 - Level 2.0 Spellcasting
 * Level 2.7 Transmutations


You had 4 spell levels left.
You knew the following spells:

 Your Spells              Type           Power      Damage    Failure   Level
a - Beastly Appendage     Tmut           20%        N/A       6%          1
p - Spider Form           Tmut/Pois      6%         N/A       32%         3

Your spell library contained the following spells:

 Spells                   Type           Power      Damage    Failure   Level
 Wereblood                Tmut           10%        N/A       10%         2
 Passwall                 Tmut/Erth      5%         N/A       17%         2
 Necrotise                Necr           4%         1d4       19%         1
 Ensorcelled Hibernation  Hex/Ice        2%         N/A       28%         2
 Swiftness                Air            1%         N/A       50%         3
 Vampiric Draining        Necr           1%         2d6       50%         3
 Ice Form                 Ice/Tmut       6%         N/A       73%         4
 Agony                    Necr           1%         N/A       99%         5


Dungeon Overview and Level Annotations

Branches:
Dungeon (4/15)             Temple (1/1) D:4

Altars:
Ashenzari
Cheibriados
Elyvilon
Fedhas
Gozag
Kikubaaqudgha
Makhleb
Nemelex Xobeh
Okawaru
Qazlal
Ru
Trog
Uskayaw
Vehumet
Wu Jian
Yredelemnul
Zin
The Shining One


Innate Abilities, Weirdness & Mutations

You are a tree.
Your roots penetrate the ground, keeping you stationary.
You cannot be teleported.
You are immune to unholy pain and torment.
Your maximum health is greatly increased.
You cannot wear most types of armour.
((You are amphibious.))
You can wear up to eight rings at the same time.
((Your skin changes colour to match your surroundings (Stealth+).))
((Your rubbery body absorbs attacks. (AC +1, EV +1)))
((You are camouflaged when in or above water. (Stealth+)))
((You have tentacles for arms and can constrict up to eight enemies at once.))


Message History

The gnoll is severely wounded.
The gnoll hits you with a +0 flail. x2; The gnoll misses you.
You hit the gnoll.
The gnoll is lightly wounded.
The gnoll attacks as you move away! The gnoll completely misses you.
The gnoll closely misses you. The gnoll attacks as you move away!
The gnoll closely misses you.
You barely miss the gnoll.
The gnoll is lightly wounded.
You kill the gnoll!
The gnoll hits you from afar with a +0 spear.
Your transformation has ended.
The gnoll attacks as you move away! The gnoll closely misses you.
Casting: Spider Form (quite dangerous; 34% risk of failure)
Confirm with . or Enter, or press ? or * to list all spells.
The spell is quite dangerous to miscast (34% risk of failure)!
Continue anyway?
You turn into a venomous arachnid creature.
The gnoll completely misses you.
You bite the gnoll!
The gnoll is poisoned.
The gnoll is severely wounded.
The gnoll is distracted by your dazzling golden aura.
The gnoll closely misses you. The gnoll attacks as you move away!
The gnoll barely misses you. The gnoll attacks as you move away!
The gnoll barely misses you.
The gnoll shouts!
You bite the gnoll!
You kill the gnoll!
The gnoll misses you.
The gnoll hits you with a +2 halberd of freezing!
The gnoll freezes you!
* * * LOW HITPOINT WARNING * * *
Things that are here:
6 gold pieces; a +0 flail Really quaff the potion of lignification?
Your transformation has ended.
You turn into a tree.
Your roots penetrate the ground.
The gnoll is no longer distracted by gold.
The gnoll hits you with a +2 halberd of freezing!
You die...
Your body crumbles into a pile of gold.

#....## .. #.....#
..## #.....## ##..
....###...#..## #....
.........###..####....
........###.........#
...>....# #...§~~...#
...###..# #..~~§§~..#
.. ##♣# ##~§§~~~§## .
#g# #~~~>~§~.##. #g##
#~§§~§~~.)..
#..###.§§~§~.#... .
#..#....§§~..# .. #..
##....)..######
#....####..####..#
#.....$..## ##)#
#.......## #.##


You could see 2 gnolls.

Vanquished Creatures
  Jessica (D:3)
  6 gnolls
  6 adders
  2 orcs (D:3)
  A bat (D:1)
  4 endoplasms
  A giant cockroach (D:1)
  4 goblins
  4 hobgoblins
  3 jackals
  2 quokkas
  7 ball pythons
  4 frilled lizards
  3 rats
48 creatures vanquished.

Notes
Turn   | Place    | Note
-------+----------+-------------------------------------------
     0 | D:1      | avis the Octopode Transmuter began the quest for the Orb.
     0 | D:1      | Reached XP level 1. HP: 13/13 MP: 3/3
    90 | D:1      | Reached skill level 1 in Stealth
   150 | D:1      | Reached XP level 2. HP: 14/19 MP: 3/5
   788 | D:2      | Reached XP level 3. HP: 24/24 MP: 6/6
   792 | D:2      | Learned a level 3 spell: Spider Form
   823 | D:2      | Found a faded altar of an unknown god.
  1112 | D:2      | Reached skill level 4 in Unarmed Combat
  1112 | D:2      | Reached XP level 4. HP: 29/29 MP: 5/7
  2038 | D:3      | Noticed Jessica
  2043 | D:3      | Killed Jessica
  2152 | D:3      | Found an iron altar of Okawaru.
  2225 | D:3      | Reached XP level 5. HP: 34/34 MP: 4/8
  2390 | D:3      | Reached skill level 5 in Unarmed Combat
  2731 | D:4      | Found a staircase to the Ecumenical Temple.
  2745 | Temple   | Entered the Ecumenical Temple
  2745 | Temple   | Found a transporter.
  2745 | Temple   | Found a transporter.
  2747 | Temple   | Found a transporter.
  2747 | Temple   | Found a transporter.
  2771 | Temple   | Became a worshipper of Gozag Ym Sagoz the Greedy
  2849 | D:4      | Slain by a gnoll

Illustrated notes

Levels and vault maps discovered:
D:1:      dpeg_arrival_stone_temple_mockup, layout_basic, interstate_on_off
D:2:      layout_rooms, basic_ecumenical_altar
D:3:      layout_loops_cross, okawaru_trees_1, uniq_jessica
D:4:      layout_layer_cave, minmay_temple_entry_mist
Temple:   hellmonk_temple_divided_pantheon

Skill      XL: |  1  2  3  4  5 |
---------------+----------------+-----
Stealth        | 1 2 3 |  3.0
Fighting       | 2 |  2.0
Unarmed Combat | 4 5 |  5.0
Dodging        | |  2.0
Spellcasting   | |  2.0
Transmutations | |  2.7

Action                   |  1- 3 |  4- 6 || total
-------------------------+-------+-------++-------
Melee: Unarmed           |    51 |    58 ||   109
       Constrict         |    14 |     7 ||    21
       Kick              |    15 |     4 ||    19
       Tentacles         |     8 |     5 ||    13
       Punch             |     2 |       ||     2
 Cast: Beastly Appendage |    15 |     7 ||    22
       Spider Form       |       |    13 ||    13
  Use: Potion            |       |     1 ||     1
 Stab: Sleeping          |     4 |     4 ||     8
Armor: Skin              |     7 |     9 ||    16
Dodge: Dodged            |    21 |    50 ||    71

Table legend: (Time is in decaauts)
 A = Elapsed time spent in this place.
 B = Non-inter-level travel time spent in this place.
 C = Inter-level travel time spent in this place.
 D = Time resting spent in this place.
 E = Time spent auto-exploring this place.
 F = Levels seen in this place.
 G = Mean time per level.
                   A        B        C        D        E       F      G
               +--------+--------+--------+--------+--------+-----+--------+
         Total |   2843 |   2577 |    266 |    710 |   1283 |   5 |  568.6 |
       Dungeon |   2787 |   2528 |    259 |    710 |   1283 |   4 |  696.8 |
        Temple |     55 |     48 |      7 |      0 |      0 |   1 |   55.0 |
               +--------+--------+--------+--------+--------+-----+--------+

Top non-repeatable levels by time:
     D:2: 966 daAuts
     D:3: 962 daAuts
     D:1: 775 daAuts
     D:4: 83 daAuts
  Temple: 55 daAuts
